 Dungeon Crawl Stone Soup version 0.22-a0-301-gf0fe05c (webtiles) character file.

1424 grindst0ne the Prestidigitator (level 9, -2/72 HPs)
             Began as a Human Artificer on Mar 26, 2018.
             Was an Initiate of Qazlal.
             Killed from afar by an electric eel (10 damage)
             ... with a bolt of electricity
             ... on level 6 of the Dungeon.
             The game lasted 00:16:22 (7650 turns).

grindst0ne the Prestidigitator (Human Artificer)    Turns: 7650, Time: 00:16:23

Health: -2/72      AC:  8    Str: 16    XL:     9   Next: 2%
Magic:  15/15      EV: 11    Int: 12    God:    Qazlal [......]
Gold:   191        SH:  0    Dex: 15    Spells: 8/8 levels left

rFire    . . .     SeeInvis .   k - +0 long sword
rCold    + . .     Gourm    .   (no shield)
rNeg     . . .     Faith    .   g - +1 ring mail
rPois    .         Spirit   .   i - +2 hat
rElec    .         Reflect  .   (no cloak)
rCorr    .         Harm     .   (no gloves)
MR       .....     Rnd*Rage +   (no boots)
Stlth    ++........             p - amulet of magic regeneration
HPRegen  0.22/turn              r - ring of protection from cold
MPRegen  0.39/turn              (no ring)

@: no status effects
A: thin skeletal structure 1, berserk 1, mutation resistance 1
a: Renounce Religion


You were on level 6 of the Dungeon.
You worshipped Qazlal.
Qazlal was noncommittal.
You were very hungry.

You visited 2 branches of the dungeon, and saw 7 of its levels.

You collected 191 gold pieces.

Inventory:

Hand Weapons
 a - a +0 short sword
 k - a +0 long sword (weapon)
 m - a +0 mace
Missiles
 c - a throwing net (quivered)
Armour
 g - a +1 ring mail (worn)
 i - a +2 hat (worn)
 j - a +1 leather armour of magic resistance
Jewellery
 p - an amulet of magic regeneration (around neck)
 r - a ring of protection from cold (left hand)
 w - a +3 ring of intelligence {unknown}
Wands
 d - a wand of enslavement (7)
 e - a wand of random effects (43)
 q - a wand of polymorph (15)
 s - a wand of paralysis (8)
Scrolls
 b - a scroll of immolation
 o - a scroll of enchant armour
Potions
 h - a potion of curing
 l - a potion of lignification {unknown}
 n - a potion of magic {unknown}
 v - a potion of heal wounds {unknown}
Comestibles
 f - 6 rations


   Skills:
 + Level 7.4 Fighting
 - Level 1.0 Short Blades
 - Level 2.0 Dodging
 - Level 1.0 Stealth
 + Level 8.0 Evocations


You had 8 spell levels left.
You didn't know any spells.

Dungeon Overview and Level Annotations

Branches:
Dungeon (6/15)             Temple (1/1) D:6

Altars:
Ashenzari
Dithmenos
Fedhas
Kikubaaqudgha
Makhleb
Nemelex Xobeh
Okawaru
Qazlal
Sif Muna
Trog
Vehumet
Wu Jian
Zin

Annotations:
D:3 exclusion: downstairs
D:4 vishdafish's ghost, novice DrSk


Innate Abilities, Weirdness & Mutations

You have a somewhat thin skeletal structure. (Dex +2, Stealth)
You tend to lose your temper in combat.
You are somewhat resistant to further mutation.


Message History

The electric eel shoots out a bolt of lightning at you!
The bolt of electricity hits you!
You hit the electric eel but do no damage.
The electric eel is almost dead.
The electric eel shoots out a bolt of lightning at you!
The bolt of electricity hits you!
The electric eel shoots out a bolt of lightning at you!
The bolt of electricity hits you!
* * * LOW HITPOINT WARNING * * *
You closely miss the electric eel.
The electric eel is almost dead.
You miss the electric eel.
The electric eel is almost dead.
The electric eel shoots out a bolt of lightning at you!
The bolt of electricity hits you!
* * * LOW HITPOINT WARNING * * *
You feel better.
The electric eel shoots out a bolt of lightning at you!
The bolt of electricity hits you!
You die...

........# **,****,,,,** *
.......#* ##..* ****** *
#......# ###...***#* ###...##
##≈≈≈≈≈≈≈≈≈*
##...#####.≈#≈≈≈≈≈#≈******
##...(.##..≈#≈###≈#≈....,**
#...##.....≈#≈≈≈≈≈#≈....,,*
*#..#...(...≈≈≈≈;≈≈≈≈.....,*
#......))).....@#**.......,*
*#........[....### *.......,*
#..............#####.......,*
#..#.............##........,*
..##...........##..........,*
*
,,*##..........###.........**
* ,** ##........##
##........* ** ,* ##.......#
#.........* *, **** ##......#
#......?.#** **,


You could see an electric eel.

Vanquished Creatures
  Grinder (D:3)
  Eustachio (D:3)
  An ogre (D:3)
  3 centaurs (D:5)
  4 electric eels (D:5)
  2 bullfrog skeletons
  A jelly (D:6)
  Jessica (D:3)
  An iguana (D:4)
  Natasha (thrice) (D:4)
  7 worker ants
  13 adders
  2 worms
  A dart slug (D:1)
  2 leopard geckos
  5 orcs
  8 bats
  5 giant cockroaches
  5 goblins
  9 hobgoblins
  4 jackals
  4 kobolds
  5 quokkas
  A ball python (D:1)
  6 frilled lizards
  6 rats
101 creatures vanquished.

Vanquished Creatures (collateral kills)
  A centaur (D:6)
  An orc wizard (D:6)
  An adder skeleton (D:5)
  4 orcs (D:6)
  2 rats (D:2)
9 creatures vanquished.

Grand Total: 110 creatures vanquished

Notes
Turn   | Place    | Note
-------+----------+-------------------------------------------
     0 | D:1      | grindst0ne the Human Artificer began the quest for the Orb.
     0 | D:1      | Reached XP level 1. HP: 15/15 MP: 3/3
   163 | D:1      | Reached XP level 2. HP: 21/21 MP: 4/4
  1024 | D:2      | Reached XP level 3. HP: 25/27 MP: 5/5
  1417 | D:2      | Reached XP level 4. HP: 13/34 MP: 6/6
  1656 | D:2      | Reached skill level 4 in Evocations
  2326 | D:3      | Noticed Jessica
  2334 | D:3      | Killed Jessica
  2334 | D:3      | Reached XP level 5. HP: 22/41 MP: 8/8
  2761 | D:3      | Found an ornate altar of the Wu Jian Council.
  3183 | D:3      | Noticed Grinder
  3188 | D:3      | Paralysed by Grinder for 5 turns
  3204 | D:3      | Killed Grinder
  3204 | D:3      | Reached skill level 5 in Evocations
  3204 | D:3      | Reached XP level 6. HP: 12/49 MP: 8/10
  3555 | D:4      | Noticed Natasha
  3576 | D:4      | Killed Natasha
  3576 | D:4      | Reached XP level 7. HP: 3/55 MP: 11/11
  4179 | D:4      | Noticed vishdafish's ghost (novice DrSk)
  4266 | D:4      | Noticed Eustachio
  4267 | D:4      | Noticed Natasha
  4294 | D:3      | Killed Eustachio
  4294 | D:3      | Reached skill level 5 in Fighting
  4294 | D:3      | Reached skill level 6 in Evocations
  4401 | D:3      | Gained mutation: You have a somewhat thin skeletal structure. (Dex +2, Stealth) [potion of mutation]
  4401 | D:3      | Gained mutation: You tend to lose your temper in combat. [potion of mutation]
  4401 | D:3      | Gained mutation: You are somewhat resistant to further mutation. [potion of mutation]
  4675 | D:4      | Killed Natasha
  4675 | D:4      | Reached XP level 8. HP: 54/64 MP: 12/12
  4800 | D:4      | Noticed Natasha
  4817 | D:4      | Killed Natasha
  5343 | D:4      | Found a glowing silver altar of Zin.
  5379 | D:5      | Entered Level 5 of the Dungeon
  5379 | D:5      | Found a transporter.
  5414 | D:5      | Reached skill level 7 in Evocations
  6024 | D:5      | Found a transporter.
  6215 | D:5      | Found a deep blue altar of Sif Muna.
  6291 | D:5      | Found a sparkling altar of Nemelex Xobeh.
  6968 | D:6      | Found a staircase to the Ecumenical Temple.
  6977 | Temple   | Entered the Ecumenical Temple
  7157 | Temple   | Became a worshipper of Qazlal Stormbringer
  7474 | D:6      | Noticed a gargoyle
  7495 | D:6      | Reached skill level 8 in Evocations
  7495 | D:6      | Reached XP level 9. HP: 46/72 MP: 13/15
  7649 | D:6      | HP: 2/72 [electric eel/bolt of electricity (15)]
  7650 | D:6      | Killed from afar by an electric eel

Vault maps used:
D:1:      scummos_arrival_simple_fountains, serial_forest,
          infiniplex_forest_straight_3, infiniplex_forest_clump_C,
          infiniplex_forest_clump_tiny, infiniplex_forest_clump_curved,
          infiniplex_forest_end_2, infiniplex_forest_corner_1,
          infiniplex_forest_clump_tiny, infiniplex_forest_end_1,
          infiniplex_forest_lined_3
D:3:      overflow_temple_1_default, first_ration, uniq_grinder, uniq_jessica
D:4:      zin_scriptorium, uniq_natasha, uniq_eustachio
D:5:      gammafunk_steamed_eel, nemelex_altar_shiori, lemuel_doored_altar
D:6:      tso_oasis_becter, elyvilon_altar_5, temple_hall, fountainhead,
          minmay_crystal_water
Temple:   compressed_dpeg_triangle_lava_temple

Skill      XL: |  1  2  3  4  5  6  7  8 |
---------------+-------------------------+-----
Fighting       | 2 3 4 5 7 |  7.4
Evocations     | 4 5 6 8 |  8.0
Short Blades   | |  1.0
Dodging        | |  2.0
Stealth        | |  1.0

Action                   |  1- 3 |  4- 6 |  7- 9 || total
-------------------------+-------+-------+-------++-------
Melee: Short sword       |   179 |   148 |   100 ||   427
       Long sword        |       |       |   127 ||   127
Evoke: Wand              |     2 |     9 |    40 ||    51
  Use: Potion            |     2 |       |     4 ||     6
       Scroll            |       |     5 |     4 ||     9
 Stab: Sleeping          |       |       |     1 ||     1
       Paralysed         |       |       |    12 ||    12
  Eat: Chunk             |     2 |     6 |    13 ||    21
Armor: Ring mail         |    72 |    53 |   128 ||   253
Dodge: Dodged            |   118 |    81 |   141 ||   340
       Rpst.: Long sword |       |       |    31 ||    31

Table legend:
 A = Spawn XP
 B = Non-spawn XP
 C = Spawn XP percentage of total XP
 D = Spawn monster count
 E = Non-spawn monster count
 F = Spawn count percentage of total count
 G = Total turns spent on level
                    A         B        C        D         E        F      G
               +---------+---------+-------+---------+---------+-------+---------
         Total |       0 |    2035 |   0.0 |       0 |     110 |   0.0 |  7650
               +---------+---------+-------+---------+---------+-------+---------
           D:1 |       0 |      28 |   0.0 |       0 |      16 |   0.0 |  1016
           D:2 |       0 |      66 |   0.0 |       0 |      21 |   0.0 |   964
           D:3 |       0 |     780 |   0.0 |       0 |      27 |   0.0 |  1983
           D:4 |       0 |     258 |   0.0 |       0 |      13 |   0.0 |  1416
           D:5 |       0 |     705 |   0.0 |       0 |      23 |   0.0 |  1549
           D:6 |       0 |     198 |   0.0 |       0 |      10 |   0.0 |   522
               +---------+---------+-------+---------+---------+-------+---------
